 Dungeon Crawl Stone Soup version 0.27-a0-1597-ge58577e147 (webtiles) character file.

Game seed: 5738002401694727447

614 MirrMurr the Thrower (level 7, -5/56 HPs)
             Began as a Gnoll Hunter on July 21, 2021.
             Slain by Pikel (7 damage)
             ... on level 3 of the Dungeon.
             The game lasted 00:09:24 (5729 turns).

MirrMurr the Thrower (Gnoll Hunter)                 Turns: 5729, Time: 00:09:25

Health: -5/56      AC:  7    Str: 12    XL:     7   Next: 44%
Magic:  10/10      EV: 16    Int: 12    God:
Gold:   119        SH:  0    Dex: 12    Spells: 11/11 levels left

rFire    . . .     SeeInvis .   a - +1 whip (pain)
rCold    . . .     Faith    .   (no shield)
rNeg     . . .     Spirit   .   v - +0 ring mail
rPois    .         Reflect  .   p - +1 helmet
rElec    .         Harm     .   (no cloak)
rCorr    .         Rampage  .   (no gloves)
Will     .....                  (no boots)
Stlth    ++........             (no amulet)
HPRegen  0.18/turn              u - +4 ring of evasion
MPRegen  0.12/turn              (no ring)

@: no status effects
A: fangs 1, strong nose, distributed training
a: no special abilities


You were on level 3 of the Dungeon.
You visited 1 branch of the dungeon, and saw 4 of its levels.

You collected 119 gold pieces.

Inventory:

Hand Weapons
 a - a +1 whip of pain (weapon)
 b - a +0 hunting sling
 w - a +0 short sword
Missiles
 c - 6 javelins
 d - 2 throwing nets
 f - 74 stones (quivered)
 n - 8 sling bullets
Armour
 p - a +1 helmet (worn)
 v - a +0 ring mail (worn)
Jewellery
 u - a +4 ring of evasion (left hand)
Wands
 q - a wand of polymorph (5)
Potions
 e - a potion of flight
 k - a potion of lignification
 l - a potion of haste


   Skills:
 + Level 5.2 Fighting
 + Level 2.5 Short Blades
 + Level 2.5 Long Blades
 + Level 2.5 Axes
 + Level 2.5 Maces & Flails
 + Level 2.5 Polearms
 + Level 2.5 Staves
 + Level 2.5 Slings
 + Level 2.5 Bows
 + Level 2.5 Crossbows
 + Level 8.9 Throwing
 + Level 2.5 Armour
 + Level 5.2 Dodging
 + Level 3.4 Stealth
 + Level 2.5 Shields
 + Level 2.5 Unarmed Combat
 + Level 2.5 Spellcasting
 + Level 2.0 Conjurations
 + Level 2.0 Hexes
 + Level 2.0 Summonings
 + Level 2.0 Necromancy
 + Level 2.0 Translocations
 + Level 2.0 Transmutations
 + Level 2.0 Fire Magic
 + Level 2.0 Ice Magic
 + Level 2.0 Air Magic
 + Level 2.0 Earth Magic
 + Level 2.0 Poison Magic
 + Level 2.7 Invocations
 + Level 2.5 Evocations


You had 11 spell levels left.
You didn't know any spells.
Your spell library contained the following spells:

 Spells                   Type           Power      Damage    Failure   Level
 Magic Dart               Conj           24%        1d4       24%         1
 Searing Ray              Conj           12%        3d3       36%         2
 Fulminant Prism          Conj/Hex       3%         3d6       94%         4
 Summon Forest            Summ/Tloc      3%         N/A       100%        5
 Eringya's Noxious Bog    Tmut/Pois      3%         N/A       100%        6
 Summon Hydra             Summ           3%         N/A       100%        7


Dungeon Overview and Level Annotations

Branches:
Dungeon (4/15)
 Temple: D:4-7

Altars:
Xom
Yredelemnul

Annotations:
D:3 Pikel


Innate Abilities, Weirdness & Mutations

You have very sharp teeth.
Your uncanny sense of smell can sniff out nearby items.
Your experience applies equally to all skills.


Message History

Things that are here:
a +0 chain mail; a +0 short sword
There is a stone staircase leading up here.
Pikel closely misses you.
You climb upwards.
There is a stone staircase leading down, spattered with blood here.
You hit Pikel but do no damage.
Pikel writhes in agony.
Pikel is heavily wounded.
Pikel hits you with a +2 whip of flaming.
Pikel burns you.
You barely miss Pikel. Your bite misses Pikel.
Pikel is heavily wounded.
Pikel hits you with a +2 whip of flaming.
* * * LOW HITPOINT WARNING * * *
Pikel burns you.
* * * LOW HITPOINT WARNING * * *
You hit Pikel.
Pikel is severely wounded.
Pikel barely misses you.
Pikel hits you with a +2 whip of flaming.
* * * LOW HITPOINT WARNING * * *
Pikel burns you.
* * * LOW HITPOINT WARNING * * *
Pikel cracks his whip.
You see here a +0 giant club.
You feel better.
Pikel hits you with a +2 whip of flaming.
* * * LOW HITPOINT WARNING * * *
Pikel burns you.
* * * LOW HITPOINT WARNING * * *
You hit Pikel.
Pikel is severely wounded.
Pikel hits you with a +2 whip of flaming!
* * * LOW HITPOINT WARNING * * *
Pikel burns you.
* * * LOW HITPOINT WARNING * * *
You closely miss Pikel.
Pikel is severely wounded.
Pikel hits you with a +2 whip of flaming!
You die...

######### #.......#
########.......##################
.......'.......+@K)...>.........#
########.......#######.[.######.#
...............# #...# #.#
...............# #...# #.#
...............#######...# #.#
........#####.###....#...# #.#
........#####.# #....#...# #.#
..............# #....#...######.#
........####..# #...............#


You could see Pikel.

Vanquished Creatures
  Edmund (D:3)
  An ogre (D:3)
  A bullfrog (D:3)
  A scorpion (D:3)
  Natasha (thrice) (D:2)
  Robin (D:2)
  6 gnolls
  6 adders
  A worm (D:2)
  A dart slug (D:1)
  4 orcs
  13 endoplasms
  2 giant cockroaches
  20 goblins
  12 hobgoblins
  2 jackals
  3 quokkas
  5 ball pythons
  8 bats
  4 frilled lizards
  2 kobolds
  3 rats
100 creatures vanquished.

Notes
Turn   | Place    | Note
-------+----------+-------------------------------------------
     0 | D:1      | MirrMurr the Gnoll Hunter began the quest for the Orb.
     0 | D:1      | Reached XP level 1. HP: 20/20 MP: 1/1
   121 | D:1      | Reached XP level 2. HP: 5/26 MP: 2/2
   125 | D:1      | HP: 1/26 [rat (1)]
   717 | D:1      | Reached XP level 3. HP: 24/31 MP: 3/3
  1274 | D:1      | Reached skill level 1 in Invocations
  2002 | D:2      | Reached skill level 1 in Short Blades
  2002 | D:2      | Reached skill level 1 in Long Blades
  2002 | D:2      | Reached skill level 1 in Axes
  2002 | D:2      | Reached skill level 1 in Maces & Flails
  2002 | D:2      | Reached skill level 1 in Polearms
  2002 | D:2      | Reached skill level 1 in Staves
  2002 | D:2      | Reached skill level 1 in Slings
  2002 | D:2      | Reached skill level 1 in Bows
  2002 | D:2      | Reached skill level 1 in Crossbows
  2002 | D:2      | Reached skill level 1 in Armour
  2002 | D:2      | Reached skill level 1 in Shields
  2002 | D:2      | Reached skill level 1 in Unarmed Combat
  2002 | D:2      | Reached skill level 1 in Spellcasting
  2002 | D:2      | Reached skill level 1 in Evocations
  2122 | D:2      | Noticed Natasha
  2134 | D:2      | Killed Natasha
  2135 | D:2      | Reached XP level 4. HP: 21/38 MP: 5/5
  2405 | D:2      | Noticed Robin
  2423 | D:2      | Killed Robin
  2424 | D:2      | Reached skill level 1 in Conjurations
  2424 | D:2      | Reached skill level 1 in Hexes
  2424 | D:2      | Reached skill level 1 in Summonings
  2424 | D:2      | Reached skill level 1 in Necromancy
  2424 | D:2      | Reached skill level 1 in Translocations
  2424 | D:2      | Reached skill level 1 in Transmutations
  2424 | D:2      | Reached skill level 1 in Fire Magic
  2424 | D:2      | Reached skill level 1 in Ice Magic
  2424 | D:2      | Reached skill level 1 in Air Magic
  2424 | D:2      | Reached skill level 1 in Earth Magic
  2424 | D:2      | Reached skill level 1 in Poison Magic
  2839 | D:2      | You fall into a shaft and drop 1 floor!
  2859 | D:3      | Reached XP level 5. HP: 36/43 MP: 5/7
  3440 | D:3      | Found a shimmering altar of Xom.
  3456 | D:3      | Reached XP level 6. HP: 33/50 MP: 8/8
  3532 | D:2      | Noticed Natasha
  3543 | D:2      | Killed Natasha
  3989 | D:2      | Noticed Natasha
  4020 | D:2      | Killed Natasha
  4443 | D:3      | Reached skill level 5 in Fighting
  4443 | D:3      | Reached skill level 5 in Dodging
  4885 | D:4      | Found a basalt altar of Yredelemnul.
  5043 | D:4      | Noticed Edmund
  5065 | D:3      | Reached XP level 7. HP: 9/56 MP: 10/10
  5379 | D:3      | Killed Edmund
  5695 | D:4      | Noticed Pikel
  5728 | D:3      | HP: 2/56 [Pikel (1)]
  5729 | D:3      | Slain by Pikel

Illustrated notes

Levels and vault maps discovered:
D:1:      lightli_arrival_farm, layout_basic, minmay_hedge_maze,
          minmay_octomino_c4
D:2:      layout_basic, uniq_natasha, uniq_robin
D:3:      layout_basic, xom_teletrap_fun, kennysheep_generic_room_2
D:4:      layout_rooms, mainiacjoe_overflow_concentric_impassable, uniq_pikel,
          uniq_edmund, uniq_blork_the_orc, uniq_sigmund

Skill      XL: |  1  2  3  4  5  6  7 |
---------------+----------------------+-----
Invocations    | 1 2 |  2.7
Short Blades   | 1 2 |  2.5
Long Blades    | 1 2 |  2.5
Axes           | 1 2 |  2.5
Maces & Flails | 1 2 |  2.5
Polearms       | 1 2 |  2.5
Staves         | 1 2 |  2.5
Slings         | 1 2 |  2.5
Bows           | 1 2 |  2.5
Crossbows      | 1 2 |  2.5
Armour         | 1 2 |  2.5
Shields        | 1 2 |  2.5
Unarmed Combat | 1 2 |  2.5
Spellcasting   | 1 2 |  2.5
Evocations     | 1 2 |  2.5
Conjurations   | 1 2 |  2.0
Hexes          | 1 2 |  2.0
Summonings     | 1 2 |  2.0
Necromancy     | 1 2 |  2.0
Translocations | 1 2 |  2.0
Transmutations | 1 2 |  2.0
Fire Magic     | 1 2 |  2.0
Ice Magic      | 1 2 |  2.0
Air Magic      | 1 2 |  2.0
Earth Magic    | 1 2 |  2.0
Poison Magic   | 1 2 |  2.0
Stealth        | 3 |  3.4
Fighting       | 5 |  5.2
Dodging        | 5 |  5.2
Throwing       | |  8.9

Action                   |  1- 3 |  4- 6 |  7- 9 || total
-------------------------+-------+-------+-------++-------
Melee: Short sword       |   129 |    95 |       ||   224
       Bite              |    14 |    17 |     3 ||    34
       Punch             |     1 |       |       ||     1
       Whip              |       |   128 |    38 ||   166
 Fire: Hunting sling     |    44 |    88 |    33 ||   165
  Use: Scroll            |       |    10 |       ||    10
       Potion            |       |       |     2 ||     2
 Stab: Sleeping          |     2 |     1 |       ||     3
Armor: Leather armour    |    43 |    36 |       ||    79
       Skin              |       |    26 |       ||    26
       Ring mail         |       |    16 |     5 ||    21
Dodge: Dodged            |   109 |   146 |    20 ||   275

Table legend: (Time is in decaauts)
 A = Elapsed time spent in this place.
 B = Non-inter-level travel time spent in this place.
 C = Inter-level travel time spent in this place.
 D = Time resting spent in this place.
 E = Time spent auto-exploring this place.
 F = Levels seen in this place.
 G = Mean time per level.
                   A        B        C        D        E       F      G
               +--------+--------+--------+--------+--------+-----+--------+
         Total |   5763 |   5212 |    551 |   1072 |   3004 |   4 | 1440.8 |
       Dungeon |   5763 |   5212 |    551 |   1072 |   3004 |   4 | 1440.8 |
               +--------+--------+--------+--------+--------+-----+--------+

Top non-repeatable levels by time:
     D:3: 1903 daAuts
     D:1: 1869 daAuts
     D:2: 1838 daAuts
     D:4: 152 daAuts
